AoeStats
← Larri with a Y

Nomad

509425927Analyzed
3v3 RM · 5d ago on Sep 26, 2026· 45m 19s· 6 players
Game mode
Random Map
Map size
210×210
Population
200
Speed
Normal
Resources
Standard
Victory
Conquest
Starting age
Dark Age
Ending age
Imperial Age
RankedLock teamsTeams togetherTeam positionsShared explorationLock speedFull tech treeHidden civsTurbo modeCheats
Victory
Defeat
🇨🇱 Japanese · Chile
836
+18
🇹🇷 Wu · Türkiye
813
+19
🇹🇷 Spanish · Türkiye
812
+19
🇸🇮 Franks · Slovenia
885
-20
🇸🇮 Wu · Slovenia
872
-18
🇸🇮 Goths · Slovenia
851
-18
Ramizpaşa
10:16 Loom
16:54 Feudal Age
17:23 Double-Bit Axe
17:27 Fishing Lines
18:24 Horse Collar
20:55 Wheelbarrow
27:52 Castle Age
25:51 Fletching
26:12 Forging
26:28 Padded Archer Armor
28:11 Scale Barding Armor
28:07 Scale Mail Armor
29:20 Gillnets
30:19 Husbandry
34:02 Hand Cart
33:33 Town Watch
39:53 Bow Saw
39:37 Stone Mining
39:38 Gold Mining
40:28 Bodkin Arrow
40:51 Leather Archer Armor
42:26 Iron Casting
43:18 Chain Mail Armor
Genovese
17:35 Feudal Age
18:04 Double-Bit Axe
18:12 Horse Collar
22:35 Castle Age
21:36 Gold Mining
21:36 Stone Mining
24:23 Husbandry
25:23 Heavy Plow
28:26 Forging
29:04 Scale Barding Armor
35:24 Iron Casting
35:10 Chain Barding Armor
37:57 Wheelbarrow
37:08 Town Watch
37:31 Scale Mail Armor
41:46 Bow Saw
44:04 Ballistics
43:48 Town Patrol
Mapuche Mayer
6:27 Loom
14:58 Feudal Age
15:23 Fishing Lines
15:35 Double-Bit Axe
16:51 Gold Mining
18:24 Forging
22:31 Castle Age
20:29 Stone Mining
24:12 Wheelbarrow
24:28 Gillnets
25:40 Medium Warships
26:08 Iron Casting
25:33 Scale Mail Armor
28:10 Gold Shaft Mining
27:54 Hand Cart
30:14 Fletching
30:48 Ballistics
30:19 Guard Tower
32:04 Chain Mail Armor
31:45 Bodkin Arrow
32:30 Bow Saw
35:40 Imperial Age
33:26 Yasama
33:08 Treadmill Crane
33:23 Murder Holes
34:16 Town Watch
34:44 Masonry
37:06 Conscription
38:29 Town Patrol
39:33 Squires
39:19 Arson
39:19 Gambesons
40:14 Kataparuto
41:13 Chemistry
39:59 Arrowslits
44:57 Bracer
45:27 Plate Mail Armor
Merjasec
8:19 Loom
12:48 Loom
15:00 Feudal Age
15:36 Double-Bit Axe
18:18 Town Watch
20:09 Fishing Lines
22:35 Castle Age
21:18 Fletching
22:53 Padded Archer Armor
22:53 Scale Mail Armor
24:32 Forging
25:03 Wheelbarrow
24:40 Crossbowman
25:23 Gold Mining
25:47 Horse Collar
26:08 Elite Skirmisher
27:53 Hand Cart
27:44 Arson
28:03 Squires
29:44 Arson
31:17 Pikeman
34:29 Murder Holes
34:54 Ballistics
38:31 Bodkin Arrow
39:53 Gold Shaft Mining
Macolar
18:41 Feudal Age
22:50 Double-Bit Axe
23:45 Wheelbarrow
26:03 Fishing Lines
31:01 Castle Age
31:53 Medium Warships
41:27 Town Watch
44:37 Scale Barding Armor
Larri with a Y
4:38 Loom
17:15 Feudal Age
18:13 Man-at-Arms
19:09 Town Watch
19:59 Wheelbarrow
19:38 Forging
19:29 Scale Mail Armor
19:21 Fletching
22:04 Double-Bit Axe
31:18 Padded Archer Armor
35:18 Gold Mining
Connection lost

Rejoining the realm…

Still unreachable

The connection could not be restored.

Session expired

The server has moved on; the page needs a fresh start.